AoeStats
← King Keegan

Migration

509743612Analyzed
1v1 RM · 5d ago on Sep 27, 2026· 32m 24s· 2 players
Game mode
Random Map
Map size
132×132
Population
200
Speed
Normal
Resources
Standard
Victory
Conquest
Starting age
Dark Age
Ending age
Imperial Age
RankedLock teamsTeams togetherTeam positionsShared explorationLock speedFull tech treeHidden civsTurbo modeCheats
Victory
Defeat
🇺🇸 Vikings · United States
308
+11
🇷🇴 Chinese · Romania
187
-11
Andy01eu
1:01 Loom
14:54 Feudal Age
20:16 Horse Collar
20:26 Double-Bit Axe
21:20 Wheelbarrow
20:31 Town Watch
26:05 Fishing Lines
31:28 Castle Age
30:01 Gold Mining
30:01 Stone Mining
31:50 Bloodlines
King Keegan
0:27 Loom
13:45 Feudal Age
14:23 Town Watch
14:32 Double-Bit Axe
15:55 Horse Collar
16:49 Man-at-Arms
21:28 Arson
24:53 Gold Mining
24:54 Stone Mining
25:38 Fishing Lines
28:34 Castle Age
29:12 Gillnets
29:27 Heavy Plow
29:40 Bow Saw
30:13 Gold Shaft Mining
29:45 Long Swordsman
30:26 Squires
29:51 Light Cavalry
Connection lost

Rejoining the realm…

Still unreachable

The connection could not be restored.

Session expired

The server has moved on; the page needs a fresh start.